 Dungeon Crawl Stone Soup version 0.26-a0-846-gcc8f1ee719 (webtiles) character file.

Game seed: 11516495125062485385

3738 jestyr24 the Conjurer (level 9, -12/73 HPs)
             Began as a Black Draconian Conjurer on Nov 20, 2020.
             Was an Elder of Qazlal.
             Mangled by a large slime creature (28 damage)
             ... on level 7 of the Dungeon.
             The game lasted 00:55:11 (7785 turns).

jestyr24 the Conjurer (Black Draconian Conjurer)    Turns: 7785, Time: 00:55:11

Health: -12/73     AC: 10    Str:  9    XL:     9   Next: 93%
Magic:  6/18       EV: 13    Int: 22    God:    Qazlal [****..]
Gold:   392        SH:  5    Dex: 10    Spells: 14/20 levels left

rFire    . . .     SeeInvis .   A - staff of conjuration
rCold    . . .     Faith    .   (no shield)
rNeg     + . .     Spirit   .   (armour unavailable)
rPois    .         Reflect  .   (helmet restricted)
rElec    +         Harm     .   C - +0 cloak
rCorr    .         Rampage  .   J - +0 pair of gloves
MR       .....                  D - +0 pair of boots
Stlth    +.........             t - amulet of magic regeneration
HPRegen  0.22/turn              E - ring of positive energy
MPRegen  0.41/turn              n - ring of flight

@: studying Hexes, repel missiles
A: breathe lightning, unfitting armour, electricity resistance, cold-blooded, AC
+7
a: Breathe Lightning, Upheaval, Elemental Force, Renounce Religion, Evoke Flight


You were on level 7 of the Dungeon.
You worshipped Qazlal.
Qazlal was greatly pleased with you.
You visited 1 branch of the dungeon, and saw 7 of its levels.

You collected 392 gold pieces.

Inventory:

Hand Weapons
 o - a +2 falchion of electrocution
 q - a +2 short sword of speed
 x - a +1 hand axe of venom
 H - a +0 club of chaos
Missiles
 b - 249 stones (quivered)
 c - 89 sling bullets
 g - 3 throwing nets
 w - 8 boomerangs
Armour
 C - a +0 cloak (worn)
 D - a +0 pair of boots (worn)
 J - a +0 pair of gloves (worn)
Magical Staves
 u - an uncursed staff of cold
 A - an uncursed staff of conjuration (weapon)
Jewellery
 i - an uncursed ring of ice
 n - a ring of flight (right hand)
 t - an amulet of magic regeneration (around neck)
 E - a ring of positive energy (left hand)
 L - an uncursed ring of protection from cold {unknown}
Wands
 F - a wand of digging (7)
Scrolls
 a - 2 scrolls of fog {unknown}
 e - 3 scrolls of amnesia
 j - 2 scrolls of enchant armour
 l - 5 scrolls of remove curse
 m - 7 scrolls of teleportation {unknown}
 r - 2 scrolls of identify
 s - a scroll of magic mapping {unknown}
 v - a scroll of immolation {unknown}
 M - a scroll of vulnerability {unknown}
 N - a scroll of random uselessness {unknown}
Potions
 d - a potion of lignification {unknown}
 f - 3 potions of haste {unknown}
 h - 3 potions of curing
 k - a potion of attraction
 p - a potion of invisibility
 z - a potion of flight {unknown}
 B - a potion of ambrosia {unknown}
 G - a potion of resistance {unknown}
 I - 2 potions of cancellation {unknown}
 K - a potion of heal wounds
Books
 y - a manual of Hexes


   Skills:
 * Level 4.9 Fighting
 - Level 3.3 Short Blades
 * Level 4.5 Staves
 - Level 4.1 Dodging
 + Level 4.0 Stealth
 - Level 0.3 Shields
 + Level 0.1 Unarmed Combat
 + Level 6.1 Spellcasting
 + Level 7.5 Conjurations
 * Level 6.2 Hexes
 - Level 0.9 Invocations
 * Level 2.3 Evocations


You had 14 spell levels left.
You knew the following spells:

 Your Spells              Type           Power        Failure   Level
a - Magic Dart            Conj           ####         1%          1
b - Searing Ray           Conj           ######       1%          2
c - Dazzling Flash        Conj/Hex       ######       1%          3

Your spell library contained the following spells:

 Spells                   Type           Power        Failure   Level
 Fulminant Prism          Conj/Hex       ######....   5%          4
 Summon Guardian Golem    Hex/Summ       ###.....     8%          3
 Beastly Appendage        Tmut           #.....       9%          1
 Summon Small Mammal      Summ           #...         9%          1
 Call Imp                 Summ           #.......     14%         2
 Wereblood                Tmut           #.......     14%         2
 Iskenderun's Mystic Bla  Conj/Tloc      #####...     19%         4
 Call Canine Familiar     Summ           #.......     26%         3
 Spider Form              Tmut/Pois      #.........   26%         3
 Ice Form                 Ice/Tmut       #.......     65%         4
 Summon Ice Beast         Ice/Summ       #.......     65%         4
 Summon Lightning Spire   Summ/Air       #.......     65%         4
 Blade Hands              Tmut           #.........   94%         5


Dungeon Overview and Level Annotations

Branches:
Dungeon (7/15)             Temple (0/1) D:4

Altars:
Cheibriados
Nemelex Xobeh
Okawaru
Qazlal
Ru
Xom
Yredelemnul
The Shining One


Innate Abilities, Weirdness & Mutations

You can breathe wild blasts of lightning.
Your glossy black scales are hard. (AC +7)
You cannot fit into any form of body armour.
You are resistant to electric shocks. (rElec)
You are cold-blooded and may be slowed by cold attacks.


Message History

* * * LOW HITPOINT WARNING * * *
You hit the large slime creature but do no damage.
The large slime creature is almost dead.
The large slime creature hits you.
* * * LOW HITPOINT WARNING * * *
You hit the large slime creature.
The large slime creature is almost dead.
Casting: Searing Ray (safe; 1% risk of failure)
Confirm with . or Enter, or press ? or * to list all spells.
Press: ? - help, Shift-Dir - straight line, f - jelly
Aim: a jelly (severely wounded)
You feel a surge of power!
The searing ray hits the large slime creature!
The large slime creature is almost dead.
The searing ray hits the jelly!
You kill the jelly!
Qazlal accepts your kill. (Press . to maintain the ray.)
The large slime creature hits you!!
You die...

..... #.#.##.. .....# ###
#.####.. .....# #######.##
#.# #.. .....####....#.#.#
#.####.. .?....##.....#.#†#
#....'.. ......'......#'#.#
#..###.. ......'........#.#
#..# ### ......)))......#.#
#..# ......##.......#@# #..#
......###......##J..÷P.P #..#
(.....########## #...... #..#
.......####### ###### #..#
.....#.......#############..#
.....#######................#
.....# ###########..###.#
.....# ##>....# ######
#######


You could see a large slime creature.

Vanquished Creatures
  Sigmund (D:3)
  A yak (D:4)
  2 ice beasts
  5 sky beasts
  3 orc warriors
  A phantom (D:5)
  2 ogres
  2 centaurs (D:5)
  3 big kobolds (D:7)
  2 bullfrogs
  A gnoll sergeant (D:5)
  A scorpion (D:6)
  5 killer bees (D:6)
  4 wights (D:7)
  An electric eel (D:6)
  6 jellies
  A bullfrog skeleton (D:4)
  5 orc priests
  3 hounds
  8 worker ants
  An iguana (D:6)
  8 orc wizards
  A worker ant zombie (D:7)
  12 gnolls
  A howler monkey skeleton (D:7)
  6 adders
  2 shadow imps
  2 ufetubi
  3 oozes (D:7)
  An adder skeleton (D:6)
  4 worms
  2 dart slugs (D:1)
  5 leopard geckos
  30 orcs
  A ball python (D:1)
  5 giant cockroaches
  9 goblins
  3 hobgoblins (D:3)
  2 jackals (D:3)
  11 kobolds
  2 quokkas
  A ball python skeleton (D:4)
  10 bats
  8 frilled lizards
  2 leopard gecko skeletons
  A quokka skeleton (D:7)
  5 rats
195 creatures vanquished.

Vanquished Creatures (others)
  A centaur (D:7)
  3 fungi (D:7)
  8 toadstools (D:7)
12 creatures vanquished.

Grand Total: 207 creatures vanquished

Notes
Turn   | Place    | Note
-------+----------+-------------------------------------------
     0 | D:1      | jestyr24 the Draconian Conjurer began the quest for the
                  | Orb.
     0 | D:1      | Reached XP level 1. HP: 14/14 MP: 3/3
   557 | D:1      | Reached XP level 2. HP: 6/20 MP: 0/5
   793 | D:1      | Learned a level 2 spell: Searing Ray
  1181 | D:1      | Reached XP level 3. HP: 26/26 MP: 2/6
  1782 | D:2      | Found a faded altar of an unknown god.
  2346 | D:2      | Found a stormy altar of Qazlal.
  2353 | D:2      | Became a worshipper of Qazlal Stormbringer
  2651 | D:3      | Found a sacrificial altar of Ru.
  2672 | D:3      | Reached skill level 5 in Conjurations
  2672 | D:3      | Reached XP level 4. HP: 28/33 MP: 1/7
  2748 | D:3      | Reached skill level 1 in Short Blades
  3011 | D:3      | Reached XP level 5. HP: 34/39 MP: 5/8
  3095 | D:3      | Reached skill level 1 in Fighting
  3095 | D:3      | Reached * piety under Qazlal
  3230 | D:3      | Noticed Sigmund
  3237 | D:3      | Killed Sigmund
  3238 | D:3      | Reached XP level 6. HP: 32/47 MP: 2/10
  3822 | D:4      | Noticed a yak
  3827 | D:4      | Killed a yak
  3828 | D:4      | Your scales start taking on a glossy black colour.
  3828 | D:4      | Reached XP level 7. HP: 53/53 MP: 5/11
  3828 | D:4      | Gained mutation: You are resistant to electric shocks.
                  | (rElec) [Black Draconian growth]
  3842 | D:4      | Learned a level 3 spell: Dazzling Flash
  3925 | D:4      | Reached skill level 1 in Hexes
  4203 | D:4      | Found a basalt altar of Yredelemnul.
  4429 | D:4      | Found a staircase to the Ecumenical Temple.
  4538 | D:4      | Reached ** piety under Qazlal
  4599 | D:4      | Found a sparkling altar of Nemelex Xobeh.
  5154 | D:5      | Entered Level 5 of the Dungeon
  5258 | D:5      | Reached XP level 8. HP: 59/62 MP: 10/13
  5293 | D:5      | Reached skill level 1 in Staves
  5373 | D:5      | Reached skill level 6 in Conjurations
  5970 | D:5      | Found a snail-covered altar of Cheibriados.
  6064 | D:5      | Found an iron altar of Okawaru.
  6366 | D:6      | Reached skill level 5 in Hexes
  6366 | D:6      | Reached XP level 9. HP: 69/71 MP: 13/16
  6371 | D:6      | Reached *** piety under Qazlal
  6595 | D:6      | Found a glowing golden altar of the Shining One.
  6768 | D:6      | Found a shimmering altar of Xom.
  6851 | D:6      | Reached skill level 5 in Spellcasting
  7178 | D:7      | Reached skill level 7 in Conjurations
  7238 | D:7      | Reached skill level 1 in Evocations
  7287 | D:7      | Reached **** piety under Qazlal
  7785 | D:7      | Mangled by a large slime creature

Illustrated notes

Levels and vault maps discovered:
D:1:      shiori_arrival_maze, layout_basic
D:2:      layout_loops_corners, grunt_qazlal_clouds,
          chequers_ecumenical_altar_island
D:3:      layout_loops_ring, hangedman_ru_absence, uniq_sigmund
D:4:      layout_loops_cross, old_standard_altar,
          nicolae_overflow_crystal_walls, minmay_temple_entry_junction_2,
          minmay_manual_macuahuitl
D:5:      layout_cave_pools, kennysheep_mini, lemuel_coloured_pillars_altar,
          lightli_minifort
D:6:      layout_loops_ring, tgw_xom, tso_altar, kennysheep_potato
D:7:      cheibrodos_fertilizer, layout_basic, lemuel_flamethrower_2, uniq_pikel

Skill      XL: |  1  2  3  4  5  6  7  8  9 |
---------------+----------------------------+-----
Stealth        | 2 3 4 |  4.0
Dodging        | 2 3 4 |  4.1
Conjurations   | 5 6 7 |  7.5
Short Blades   | 1 2 3 |  3.3
Fighting       | 1 2 4 |  4.9
Spellcasting   | 3 4 6 |  6.1
Hexes          | 2 5 6 |  6.2
Staves         | 3 4 |  4.5
Evocations     | 2 |  2.3
Shields        | |  0.3
Unarmed Combat | |  0.1
Invocations    | |  0.9

Action                   |  1- 3 |  4- 6 |  7- 9 || total
-------------------------+-------+-------+-------++-------
Melee: Dagger            |    45 |       |       ||    45
       Unarmed           |     5 |       |       ||     5
       Tailslap          |     8 |     3 |    13 ||    24
       Short sword       |    37 |    57 |    41 ||   135
       Staff             |       |       |   120 ||   120
 Cast: Magic Dart        |    25 |     6 |    27 ||    58
       Searing Ray       |     7 |    11 |    83 ||   101
       Dazzling Flash    |       |       |     1 ||     1
  Use: Potion            |       |       |     6 ||     6
       Scroll            |       |       |     5 ||     5
 Stab: Sleeping          |     4 |       |       ||     4
Armor: Skin              |    26 |    17 |    62 ||   105
Dodge: Dodged            |    66 |    30 |   145 ||   241
Block: Other             |       |     2 |    23 ||    25

Table legend: (Time is in decaauts)
 A = Elapsed time spent in this place.
 B = Non-inter-level travel time spent in this place.
 C = Inter-level travel time spent in this place.
 D = Time resting spent in this place.
 E = Time spent auto-exploring this place.
 F = Levels seen in this place.
 G = Mean time per level.
                   A        B        C        D        E       F      G
               +--------+--------+--------+--------+--------+-----+--------+
         Total |   7746 |   7547 |    199 |   2016 |   3325 |   7 | 1106.6 |
       Dungeon |   7746 |   7547 |    199 |   2016 |   3325 |   7 | 1106.6 |
               +--------+--------+--------+--------+--------+-----+--------+

Top non-repeatable levels by time:
     D:1: 1571 daAuts
     D:4: 1495 daAuts
     D:3: 1137 daAuts
     D:2: 986 daAuts
     D:5: 974 daAuts
     D:6: 972 daAuts
     D:7: 610 daAuts
